 Dungeon Crawl Stone Soup version 0.31-a0-1540-g5a0b83f448 (webtiles) character file.

Game seed: 17487617354132031507

28 grandjackal the Ducker (level 2, -5/22 (23) HPs)
             Began as a Demonspawn Gladiator on Jan 1, 2024.
             Killed from afar by Sigmund (9 damage)
             ... with a puff of flame
             ... on level 2 of the Dungeon.
             The game lasted 00:01:22 (881 turns).

grandjackal the Ducker (Demonspawn Gladiator)        Turns: 881, Time: 00:01:23

HP:   -5/22 (23)    AC:  9    Str: 14    XL:     2   Next: 96%
MP:   2/2           EV:  7    Int:  8    God:
Gold: 39            SH:  0    Dex: 14    Spells: 1/1 levels left

rFire   . . .        l - +0 great sword (freeze)
rCold   . . .        (shield currently unavailable)
rNeg    . . .        h - +0 chain mail
rPois   .            c - +0 helmet
rElec   .            (no cloak)
rCorr   .            (no gloves)
SInv    .            (no boots)
Will    .....        (no amulet) Stlth
                     (no ring)
HPRegen 0.23/turn    (no ring)
MPRegen 0.16/turn

%: no passive effects
@: hasted, lightly drained, very quick
A: magic regeneration
a: no special abilities


You were on level 2 of the Dungeon.
You visited 1 branch of the dungeon, and saw 2 of its levels.

You collected 39 gold pieces.

Inventory:

Hand Weapons
 a - a +0 war axe
 l - a +0 great sword of freezing (weapon)
Missiles
 d - 3 throwing nets (quivered)
 e - a javelin
Armour
 c - a +0 helmet (worn)
 h - a +0 chain mail (worn)
Scrolls
 b - a scroll of revelation {unknown}
 i - a scroll of identify {unknown}
 j - a scroll of noise {unknown}
 n - a scroll of enchant armour {unknown}
Potions
 k - a potion of heal wounds {unknown}
 m - a potion of mutation {unknown}


   Skills:
 + Level 2.5 Fighting
 + Level 0.1 Long Blades
 - Level 3.0 Axes
 - Level 2.0 Throwing
 + Level 0.2 Armour
 - Level 3.0 Dodging


You had one spell level left.
You didn't know any spells.
Your spell library was empty.

Dungeon Overview and Level Annotations

Branches:
Dungeon (2/15)

Altars:

Shops:
D:1 (

Annotations:
D:2 Sigmund


Innate Abilities, Weirdness & Mutations

You regenerate magic rapidly.


Message History

There is a large open door here.
There is a large open door here.
You see here 6 stones.
Partly explored, can't reach some places.
Partly explored, can't reach some places.
Partly explored, can't reach some places.
You see here 6 stones.
There is a stone staircase leading down here.
You climb downwards.
There is a stone staircase leading up here.
Sigmund the Dreaded comes into view.
He is wielding a +0 scythe.
Sigmund shouts!
Sigmund is nearby!
Sigmund is nearby!
Sigmund hits you with a +0 scythe.
You barely miss Sigmund. Sigmund hits you with a +0 scythe!
You closely miss Sigmund. Sigmund gestures at you while chanting.
The magic dart hits you.
You slash Sigmund! You freeze Sigmund.
Sigmund is heavily wounded.
Sigmund casts a spell at you.
You are confused.
Sigmund casts a spell.
Sigmund flickers and vanishes!
Deactivating autopickup; reactivate with Ctrl-A.
You bump into the rock wall.
Something hits you but does no damage.
You bump into the rock wall.
You bump into the rock wall.
Something hits you.
You bump into the rock wall.
Something hits you.
* * * LOW HITPOINT WARNING * * *
It was a potion of cancellation.
Your magical effects are unravelling.
You feel magically purged.
You feel less confused.
It was a potion of haste.
You feel yourself speed up.
You hear some strange, mumbled words.
A puff of flame appears from out of thin air!
The puff of flame hits you!
You die...

#####
#...#
#.#.#
#.#.#
######.#.#
#......#.#
#.######.#
#.##<# #.#
#.##.# #@#
#.##.###{#
#.##...#.#
#.####.#.#
#......#.#
########..
###


There were no monsters in sight!

Vanquished Creatures
  A dart slug (D:1)
  2 ball pythons (D:1)
  A bat (D:1)
  2 endoplasms (D:1)
  A giant cockroach (D:1)
  2 hobgoblins (D:1)
  6 kobolds (D:1)
  A quokka (D:1)
  2 frilled lizards (D:1)
  3 goblins (D:1)
  3 rats (D:1)
24 creatures vanquished.

Notes
Turn   | Place    | Note
-------+----------+-------------------------------------------
     0 | D:1      | grandjackal the Demonspawn Gladiator began the quest for
                  | the Orb.
     0 | D:1      | Reached XP level 1. HP: 16/16 MP: 1/1
   119 | D:1      | Gained mutation: You regenerate magic rapidly. [demonic
                  | ancestry]
   119 | D:1      | Reached XP level 2. HP: 20/22 MP: 2/2
   601 | D:1      | Found Tirugura's Weapon Shop.
   869 | D:2      | Noticed Sigmund
   881 | D:2      | Killed from afar by Sigmund

Illustrated notes

Levels and vault maps discovered:
D:1:      saegor_arrival_fortress, layout_loops_ring, serial_shops, shop,
          st_stairs_6, minmay_distorted
D:2:      layout_basic, minmay_puff, uniq_sigmund

Skill      XL: |  1  2 |
---------------+-------+-----
Throwing       | 2 |  2.0
Dodging        | 3 |  3.0
Axes           | 3 |  3.0
Fighting       | |  2.5
Long Blades    | |  0.1
Armour         | |  0.2

Action                     || total
---------------------------++-------
  Melee: War axe           ||    58
         Great sword       ||    11
    Use: Potion            ||     2
 Armour: Leather armour    ||    28
         Chain mail        ||    31
  Dodge: Dodged            ||    47

Table legend: (Time is in decaauts)
 A = Elapsed time spent in this place.
 B = Non-inter-level travel time spent in this place.
 C = Inter-level travel time spent in this place.
 D = Time resting spent in this place.
 E = Time spent auto-exploring this place.
 F = Levels seen in this place.
 G = Mean time per level.
                   A        B        C        D        E       F      G
               +--------+--------+--------+--------+--------+-----+--------+
         Total |    909 |    904 |      5 |    104 |    547 |   2 |  454.5 |
       Dungeon |    909 |    904 |      5 |    104 |    547 |   2 |  454.5 |
               +--------+--------+--------+--------+--------+-----+--------+

Top non-repeatable levels by time:
     D:1: 864 daAuts
     D:2: 44 daAuts
